 Dungeon Crawl Stone Soup version 0.25-a0-504-g768f60da87 (webtiles) character file.

Game seed: 2430857498224903920, levelgen mode: deterministic

23 Forecaster the Ruffian (level 2, 0/25 HPs)
             Began as a Naga Transmuter on Feb 14, 2020.
             Succumbed to an adder's poison
             ... on level 1 of the Dungeon.
             The game lasted 00:12:54 (1465 turns).

Forecaster the Ruffian (Naga Transmuter)            Turns: 1465, Time: 00:12:55

Health: 0/25       AC:  1    Str: 12    XL:     2   Next: 95%
Magic:  2/5        EV: 10    Int: 13    God:
Gold:   9          SH:  0    Dex: 11    Spells: 2/5 levels left

rFire    . . .     SeeInvis +   e - +0 short sword
rCold    . . .     Gourm    .   (no shield)
rNeg     . . .     Faith    .   b - +0 robe
rPois    +         Spirit   .   (no helmet)
rElec    .         Reflect  .   (no cloak)
rCorr    .         Harm     .   (no gloves)
MR       .....                  (no barding)
Stlth    +.........             (no amulet)
HPRegen  0.08/turn              (no ring)
MPRegen  0.09/turn              (no ring)

@: lethally poisoned (0 -> -5), flying, hasted, quick
A: large, see invisible, deformed body, poison resistance, slowness 2, slow
metabolism 1, spit poison 1, AC +0
a: Spit Poison


You were on level 1 of the Dungeon.
You were hungry.

You visited 1 branch of the dungeon, and saw 2 of its levels.

You collected 9 gold pieces.

Inventory:

Hand Weapons
 e - a +0 short sword (weapon)
 g - a cursed +0 dagger
 h - a +0 dagger
 k - a +0 short sword
 l - a +0 dagger
Missiles
 a - 16 arrows
 i - 14 bolts
 j - 33 stones (quivered)
Armour
 b - a +0 robe (worn)
 n - a +0 leather armour
Scrolls
 f - a scroll of fear {unknown}
 o - a scroll of random uselessness {unknown}
Potions
 c - a potion of flight
Comestibles
 d - 3 rations


   Skills:
 + Level 1.1 Fighting
 + Level 0.2 Short Blades
 + Level 1.8 Dodging
 + Level 3.4 Unarmed Combat
 + Level 2.2 Spellcasting
 + Level 2.2 Transmutations


You had 2 spell levels left.
You knew the following spells:

 Your Spells              Type           Power        Failure   Level  Hunger
a - Beastly Appendage     Tmut           #.....       10%         1    ##.....
b - Sticks to Snakes      Tmut           #.......     16%         2    ###....

Your spell library contained the following spells:

 Spells                   Type           Power        Failure   Level  Hunger
 Spider Form              Tmut/Pois      #.........   43%         3    ####...
 Ice Form                 Ice/Tmut       #.......     83%         4    #####..
 Blade Hands              Tmut           #.........   95%         5    ######.


Dungeon Overview and Level Annotations

Branches:
Dungeon (2/15)

Altars:


Innate Abilities, Weirdness & Mutations

You cannot wear boots.
Your serpentine skin is tough. (AC +0)
You have supernaturally acute eyesight. (SInv)
Armour fits poorly on your strangely shaped body.
Your system is resistant to poisons. (rPois)
You cover ground very slowly.
You have a slow metabolism.
You can spit poison.


Message History

Your ball python dies!
The adder bites you.
* * * LOW HITPOINT WARNING * * *
You climb upwards.
* * * LOW HITPOINT WARNING * * *
You feel sick.
There is a stone staircase leading down here.
It was a potion of flight.
You feel very buoyant.
You fly up into the air.
* * * LOW HITPOINT WARNING * * *
You feel sick. The adder bites you.
* * * LOW HITPOINT WARNING * * *
The adder bites you but does no damage.
It was a potion of haste.
You feel yourself speed up. The adder completely misses you.
* * * LOW HITPOINT WARNING * * *
You feel sick.
There is an open door here.
You die...

.# #.# #...# ##.## ###. .# #.#
#..## #.# #. ## #.# #.## #.# #.
#.# #.# ##'## #. ####.# #.#
##...## #. .....# #.# ##.....## #.
###### ##.## ##.......######
.#.#########...####.........##รท..
................@.S.........'..##
.#.####.####...####.>.......##.#
##.# #..# ##.######.......###.#
##.# ##.# #.#...........## #.#
#### ###.# #.#.####.#...## #.# ###
#...# #.#.# #.##'######.#
#.#####.## #.#.####.##.###.##.##
..#....## ##.#............#.#...
.#.....### #.........##.###.#####


You could see an adder.

Vanquished Creatures
  A dart slug (D:1)
  2 leopard geckos (D:1)
  3 goblins (D:1)
  3 hobgoblins (D:1)
  2 bats (D:1)
  A frilled lizard (D:1)
  A kobold (D:1)
  3 rats (D:1)
16 creatures vanquished.

Vanquished Creatures (collateral kills)
  A dart slug (D:1)
  A goblin (D:1)
2 creatures vanquished.

Grand Total: 18 creatures vanquished

Notes
Turn   | Place    | Note
-------+----------+-------------------------------------------
     0 | D:1      | Forecaster the Naga Transmuter began the quest for the Orb.
     0 | D:1      | Reached XP level 1. HP: 18/18 MP: 3/3
   164 | D:1      | Reached XP level 2. HP: 11/25 MP: 3/5
   328 | D:1      | Learned a level 2 spell: Sticks to Snakes
  1462 | D:1      | HP: 1/25 [poisoned by an adder]
  1465 | D:1      | Succumbed to an adder's poison

Levels and vault maps discovered:
D:1:      elethiomel_arrival_infinity_welcomes_careful_drivers,
          layout_loops_corners
D:2:      kennysheep_big_flooded_room, layout_basic,
          lemuel_coloured_pillars_altar, nicolae_overflow_hidden_temple,
          dk_noncrumbling_3

Action                   || total
-------------------------++-------
Melee: Unarmed           ||    19
       Short sword       ||    59
       Headbutt          ||     2
 Cast: Beastly Appendage ||    10
       Sticks to Snakes  ||     8
  Use: Potion            ||     2
  Eat: Chunk             ||     1
Armor: Robe              ||    12
Dodge: Dodged            ||    47

Table legend:
 A = Non-vault XP
 B = Vault XP
 C = Vault XP percentage of total XP
 D = Non-vault monster count
 E = Vault monster count
 F = Vault count percentage of total count
                 A         B        C        D         E       F
            +---------+---------+-------+---------+---------+-------
      Total |      33 |       0 |   0.0 |      18 |       0 |   0.0
            +---------+---------+-------+---------+---------+-------
        D:1 |      33 |       0 |   0.0 |      18 |       0 |   0.0
            +---------+---------+-------+---------+---------+-------
